Unix NetHack Version 5.0.0-0 post-release - last build Jun 10 2026 00:39:30 (3ee93aec679c4c4259841fe613dc97188e26a321,branch:main).

Game began 2026-07-04 12:46:30, ended 2026-07-04 12:59:58.

ARFwashere, neutral male human Archeologist

                                  ----                       ---
                                  |..| ---                  --.-------   ----
                                  |..|--.-----              |........--  |..|
                                  --.-|...|..--  -----      |..----..*---|..--
                                   |..|.^.....| --...-- ------.|  |-*...--...--
                                   --......>..---.....| |......| --.)*........|
                                    |..........))....----.------ |...*.*.....-|
                                    -.---dd..*....----....|      --..[.*......|
                                    ..| -@.d.......<...----       |..........--
                                   -----ddd.)....-------          -.......)..--
                                   ..............-               |.....--.....|
                                  -- 0---..........              |.....||....--
                                        -......-----             |.....----..|
                                       ......---                 ----..   --.|
                                     .....----                      --.-   |.|
                                   ......--                          --- ---.--
                                 ....--.-                                |....|
                               .... - --                                 |...--
                               ---                                       --..|
                                                                          ----

ARFwashere the Field Worker  St:14 Dx:10 Co:15 In:17 Wi:12 Ch:9  Neutral
Dlvl:4  $:2944 HP:0(45) Pw:29(29) AC:7  Xp:5 T:2013 

Latest messages:
 You see here a worthless piece of green glass.
 What do you want to put on? [m or ?*] ?
 Which ring-finger, Right or Left? [rl] r
 m - an uncursed brass ring (on right hand).
 You were wearing an uncursed brass ring (on right hand).
 In what direction? y
 The dagger misses the gnome.
 In what direction? y
 The dagger hits the gnome.
 The little dog picks up a worthless piece of green glass.
 In what direction? y
 You kill the gnome!
 v - 3 daggers (at the ready).
 You see here a thonged club.
 The little dog drops a worthless piece of green glass.
 A gush of water hits the jackal!
 You miss the jackal.
 The jackal bites!
 You kill the jackal!
 The jackal bites!
 You kill the jackal!
 A cloud of gas puts you to sleep!
 The little dog drops a thonged club.
 The werejackal summons help!
 A jackal suddenly appears next to you!
 A jackal suddenly appears next to you!
 A jackal suddenly appears next to you!
 A jackal suddenly appears next to you!
 The werejackal hits!
 The jackal bites!
 The jackal bites!
 The jackal bites!
 The jackal bites!
 The werejackal changes into a jackal.
 The werejackal bites!
 The little dog misses the jackal.
 The jackal bites!
 The jackal bites!
 The jackal bites!
 The jackal bites!
 The werejackal bites!
 The little dog misses the jackal.
 The jackal bites!
 The jackal bites!
 You die...
 Do you want your possessions identified? [ynq] (y) n
 Do you want to see your attributes? [ynq] (y) n
 Do you want an account of creatures vanquished? [ynaq] (y) n
 Do you want to see your conduct and achievements? [ynq] (y) n
 Do you want to see the dungeon overview? [ynq] (y) n

Inventory:
 Coins    ('$')
  $ - 2944 gold pieces
 Weapons  (')')
  s - a cursed -1 dart
  v - 3 +0 daggers (at the ready)
  a - a +2 bullwhip (alternate weapon; not wielded)
 Armor    ('[')
  c - an uncursed +0 fedora (being worn)
  F - an uncursed +0 dwarvish cloak
  p - an uncursed fireproof +0 robe (being worn)
  b - an uncursed +0 leather jacket (being worn)
 Comestibles  ('%')
  y - an uncursed slime mold
  d - 7 uncursed food rations
  j - 2 uncursed fortune cookies
  k - an uncursed pear
 Scrolls  ('?')
  i - an uncursed scroll of destroy armor
 Spellbooks  ('+')
  z - an uncursed spellbook of sleep
 Potions  ('!')
  A - an uncursed potion of invisibility
 Rings    ('=')
  m - an uncursed ring of regeneration
 Tools    ('(')
  h - an empty uncursed sack
  e - a +0 pick-axe (weapon in right hand)
  f - a tinning kit (0:46)
 Gems/Stones  ('*')
  E - an uncursed amber stone
  B - an uncursed citrine stone
  x - an uncursed sapphire
  g - an uncursed touchstone

ARFwashere the Archeologist's attributes:

Background:
 You were a Field Worker, a level 5 male human Archeologist.
 You were neutral, on a mission for Camaxtli
 who was opposed by Quetzalcoatl (lawful) and Huhetotl (chaotic).
 You were right-handed.
 You were in the Gnomish Mines, on level 4.
 You entered the dungeon 2013 turns ago.
 You had 182 experience points, 138 more were needed to attain level 6.

Basics:
 You had 0 out of 45 hit points.
 You had all 29 energy points (spell power).
 Your armor class was 7.
 Your wallet contained 2944 zorkmids.
 Autopickup was on for '$' plus thrown.

Final Characteristics:
 Your strength was 14 (limit:18/100).
 Your dexterity was 10 (limit:18).
 Your constitution was 15 (limit:18).
 Your intelligence was 17 (limit:18).
 Your wisdom was 12 (limit:18).
 Your charisma was 9 (limit:18).

Final Status:
 You weren't hungry.
 You were unencumbered.
 You were wielding a pick-axe.
 You had basic skill with pick-axe.

Final Attributes:
 You were devoutly aligned.
 You had automatic searching.
 You were stealthy.
 You were guarded.
 You were lucky.
 You are dead.

Miscellaneous:
 You didn't encounter any bones levels.
 Total elapsed playing time was 13 minutes and 28 seconds.

Major events:
 Turn
    1: ARFwashere the neutral male human Archeologist entered the dungeon
  716: attained the rank of Field Worker (level 3)
 1735: entered the Gnomish Mines
 2013: killed by a jackal, while sleeping

You didn't know any spells.

Skills:
 Fighting Skills
   bare handed combat [Unskilled]
   two weapon combat  [Unskilled]
   riding             [Unskilled]
 Weapon Skills
   dagger             [Unskilled]
   knife              [Unskilled]
   pick-axe           [Basic]
   short sword        [Unskilled]
   saber              [Unskilled]
   club               [Unskilled]
   quarterstaff       [Unskilled]
   sling              [Unskilled]
   dart               [Unskilled]
   boomerang          [Unskilled]
   whip               [Basic]
   unicorn horn       [Unskilled]
 Spellcasting Skills
   attack spells      [Unskilled]
   healing spells     [Unskilled]
   divination spells  [Unskilled]
   matter spells      [Unskilled]

Voluntary challenges:
 Character rerolling was not enabled.
 You never genocided any monsters.
 You never polymorphed an object.
 You never changed form.
 You used no wishes.
Achievements:
 You entered a shop.
 You attained the rank of Field Worker.
 You entered the Gnomish Mines.

 The Dungeons of Doom: levels 1 to 3
    Level 1:
       A fountain.
    Level 2:
       A scroll shop, an altar, a fountain, a sink.
    Level 3:
       A scroll shop, some fountains.
       Stairs down to The Gnomish Mines.
 The Gnomish Mines:
    Level 4: <- You were here.
       Final resting place for
          you, killed by a jackal, while sleeping.


Vanquished creatures:
  a gnome leader
  a little dog
  a floating eye
  2 dwarves
  2 giant bats
 an acid blob
  a hobbit
  a red mold
  9 gnomes
  a garter snake
  2 geckos
  2 jackals
  2 kobolds
  2 goblins
  2 sewer rats
  7 grid bugs
  2 lichens
  a kobold zombie
  4 newts
44 creatures vanquished.

No species were genocided or became extinct.

Game over:
                       ----------
                      /          \
                     /    REST    \
                    /      IN      \
                   /     PEACE      \
                  /                  \
                  |    ARFwashere    |
                  |     2944 Au      |
                  |   killed by a    |
                  |      jackal      |
                  |                  |
                  |                  |
                  |       2026       |
                 *|     *  *  *      | *
        _________)/\\_//(\/(/\)/\//\/|_)_______

Goodbye ARFwashere the Archeologist...

You died in The Gnomish Mines on dungeon level 4 with 3528 points,
and 2944 pieces of gold, after 2013 moves.
You were level 5 with a maximum of 45 hit points when you died.

